 Dungeon Crawl Stone Soup version 0.30-a0-465-g8901f6c8b5 (webtiles) character file.

Game seed: 7035208217795027816

12350 Conn the Arsonist (level 11, -19/56 (62) HPs)
             Began as an Octopode Fire Elementalist on Dec 18, 2022.
             Was a Priest of Sif Muna.
             Demolished by Ananasrisotto's ghost (42 damage)
             ... on level 11 of the Dungeon.
             The game lasted 00:44:58 (10500 turns).

Conn the Arsonist (Octopode Fire Elementalist)     Turns: 10500, Time: 00:44:58

HP:   -19/56 (62)   AC:  1    Str:  8    XL:     11   Next: 92%
MP:   14/24         EV: 17    Int: 21    God:    Sif Muna [***...]
Gold: 655           SH:  6    Dex: 13    Spells: 1/29 levels left

rFire   + . .      SeeInvis +    a - staff of fire
rCold   + . .      Faith    .    y - +1 buckler
rNeg    + . .      Spirit   .    (helmet restricted)
rPois   +          Reflect  .    k - amulet of magic regeneration
rElec   .          Harm     .    v - ring "Onefik" {rPois Will+}
rCorr   .          Rampage  .    G - ring of protection from cold
Will    +....                    H - ring of see invisible
Stlth   ++++......               N - +4 ring of evasion
HPRegen 0.29/turn                O - ring of positive energy
MPRegen 0.59/turn                (no ring)
                                 (no ring)
                                 (no ring)

@: drained
A: almost no armour, amphibious, 8 rings, camouflage 1, gelatinous body 1,
(nimble swimmer 1), tentacles
a: Renounce Religion, Channel Magic, Forget Spell


You were on level 11 of the Dungeon.
You worshipped Sif Muna.
Sif Muna was most pleased with you.
You visited 2 branches of the dungeon, and saw 12 of its levels.
You also visited: Bailey.

You collected 874 gold pieces.
You spent 219 gold pieces at shops.

Inventory:

Hand Weapons
 b - the +7 war axe of Kyraniwi {elec, rCorr Str+3 Int+4}
   (You bought it in a shop on level 4 of the Dungeon)

   It occasionally discharges a powerful burst of electricity upon striking a
   foe.
   Str:       It affects your strength (+3).
   Int:       It affects your intelligence (+4).
   rCorr:     It protects you from acid and corrosion.
 P - the +7 sling of Uncomfortable Rashes {vorpal, rElec rPois}
   (You found it on level 10 of the Dungeon)

   Any ammunition fired from it inflicts extra damage upon your enemies.
   rElec:     It insulates you from electricity.
   rPois:     It protects you from poison.
Missiles
 g - 27 poisoned darts
 C - 4 throwing nets
Armour
 y - a +1 buckler (worn)
Magical Staves
 a - a staff of fire (weapon)
Jewellery
 h - a ring of ice
 k - an amulet of magic regeneration (around mantle)
 v - the ring "Onefik" (left tentacle) {rPois Will+}
   (You found it on level 4 of the Dungeon)

   [ring of poison resistance]

   rPois:     It protects you from poison.
   Will:      It increases your willpower.
 G - a ring of protection from cold (right tentacle)
 H - a ring of see invisible (on tentacle)
 N - a +4 ring of evasion (on tentacle)
 O - a ring of positive energy (on tentacle)
Wands
 B - a wand of flame (27)
 I - a wand of quicksilver (8)
Scrolls
 c - a scroll of butterflies
 f - 11 scrolls of teleportation
 i - 4 scrolls of enchant weapon
 j - 2 scrolls of fear
 p - 4 scrolls of magic mapping
 r - 2 scrolls of fog
 u - 2 scrolls of amnesia
 D - a scroll of poison
 F - a scroll of immolation
 M - 2 scrolls of vulnerability
Potions
 d - a potion of lignification
 e - 3 potions of degeneration
 l - a potion of attraction
 m - 2 potions of curing
 n - 2 potions of magic
 o - 3 potions of mutation
 q - 2 potions of cancellation
 s - 2 potions of invisibility
 t - a potion of flight
 w - 2 potions of experience
 A - a potion of ambrosia
 E - a potion of brilliance
 J - a potion of haste {unknown}


   Skills:
 + Level 0.8 Fighting
 + Level 0.1 Short Blades
 + Level 1.1 Staves
 + Level 2.9 Dodging
 + Level 4.7 Stealth
 * Level 5.6 Shields
 + Level 9.6 Spellcasting
 + Level 6.2 Conjurations
 + Level 2.1 Hexes
 * Level 5.3 Summonings
 + Level 1.4 Translocations
 + Level 9.7 Fire Magic
 + Level 0.2 Ice Magic
 + Level 0.6 Air Magic
 + Level 0.7 Poison Magic
 * Level 6.2 Invocations
 + Level 0.5 Evocations


You had one spell level left.
You knew the following spells:

 Your Spells              Type           Power      Damage    Failure   Level
a - Foxfire               Conj/Fire      100%       2x1d9     1%          1
b - Kindle Blastsparks    Fire/Tloc/Air  80%        2d16      4%          3
c - Inner Flame           Hex/Fire       51%        N/A       2%          3
d - Flame Wave            Conj/Fire      60%        2d14      3%          4
e - Scorch                Fire           100%       2d10      1%          2
f - Mephitic Cloud        Conj/Pois/Air  20%        N/A       9%          3
g - Hailstorm             Conj/Ice       23%        3d7       7%          3
h - Summon Guardian Gole  Hex/Summ       25%        N/A       5%          3
i - Starburst             Conj/Fire      30%        6d9       45%         6

Your spell library contained the following spells:

 Spells                   Type           Power      Damage    Failure   Level
 Magic Dart               Conj           100%       1d8       1%          1
 Freeze                   Ice            40%        1d6       8%          1
 Sandblast                Erth           20%        2d7       9%          1
 Call Imp                 Summ           32%        N/A       1%          2
 Gell's Gravitas          Tloc           16%        N/A       14%         3
 Lesser Beckoning         Tloc           32%        N/A       14%         3
 Teleport Other           Tloc           16%        N/A       14%         3
 Frozen Ramparts          Ice            20%        1d4       24%         3
 Cause Fear               Hex            9%         N/A       34%         4
 Petrify                  Tmut/Erth      10%        N/A       65%         4
 Orb of Destruction       Conj           18%        9d8       99%         7
 Spellforged Servitor     Conj/Summ      17%        N/A       100%        7
 Discord                  Hex            9%         N/A       100%        8
 Ignition                 Fire           33%        3d10      100%        8


Dungeon Overview and Level Annotations

Branches:
Dungeon (11/15)            Temple (1/1) D:6            Lair (0/5) D:10
    Orc (0/2) D:10         Bailey (visited)

Altars:
Ashenzari
Cheibriados
Elyvilon
Fedhas
Gozag
Hepliaklqana
Kikubaaqudgha
Makhleb
Nemelex Xobeh
Okawaru
Qazlal
Ru
Sif Muna
Vehumet
Wu Jian
Xom
Yredelemnul
Zin
The Shining One

Shops:
D:4 *   D:10 ?

Annotations:
D:9 3 transporters
D:11 1 transporter, Ananasrisotto's ghost, journeyman OgGl


Innate Abilities, Weirdness & Mutations

You cannot wear most types of armour.
You are amphibious.
You can wear up to eight rings at the same time.
Your skin changes colour to match your surroundings (Stealth+).
Your rubbery body absorbs attacks. (AC +1, EV +1)
((You are camouflaged when in or above water. (Stealth+)))
You have tentacles for arms and can constrict up to eight enemies at once.


Message History

Press: ? - help, Dir - look around, f - activate You feel a surge of power!
A wave of flame ripples out!
The flame wave engulfs Ananasrisotto's ghost.
Ananasrisotto's ghost is burned terribly!
Ananasrisotto's ghost is severely damaged. (Press . to intensify the flame waves.) Ananasrisotto's ghost closely misses you.
Unknown command.
A wave of flame ripples out!
The flame wave engulfs Ananasrisotto's ghost!!
Ananasrisotto's ghost is burned terribly!
Ananasrisotto's ghost is almost destroyed.
You block Ananasrisotto's ghost's attack.
Unknown command.
A wave of flame ripples out!
The flame wave engulfs Ananasrisotto's ghost!
Ananasrisotto's ghost is burned terribly!
Ananasrisotto's ghost is almost destroyed.
The flame wave engulfs the unseen horror!!
The unseen horror is severely wounded.
You finish channelling waves of flame.
Ananasrisotto's ghost hits you!!
Ouch! That really hurt!
You partially resist.
You feel drained.
Unknown command.
Unknown command.
Casting: Flame Wave (dangerous; 3% risk of failure)
Confirm with . or Enter, or press ? or * to list all spells.
Okay, then.
Unknown command.
You feel much better. Ananasrisotto's ghost hits you!!
Ouch! That really hurt!
* * * LOW HITPOINT WARNING * * *
You partially resist.
You feel drained.
* * * LOW HITPOINT WARNING * * *
Okay, then.
Unknown command.
Unknown command.
You feel much better. Ananasrisotto's ghost hits you!!!
Ouch! That really hurt!
You die...

#### ##....## ###..##
##....... ##.....# ##....^...
##......# #.........
##.....### #.........
#....(.# ##........ ##.....#
##....... #....## #........
#####...@## ##.......
#.##...W..# ### #..#.....
##.##...○☼####.######..#..
#...#....x..##.#[).#...#..
###......###§....#.~.#......
##.##......#).....#.~.#......
#......†...W......#.~.#).....
#.................#.~.#..#...
#.................##'##..#...


You could see an unseen horror (invisible) and Ananasrisotto's ghost
(combustible).

Vanquished Creatures
  An orc warlord (Bailey)
  Fannar (D:11)
  A centaur warrior (D:11)
  3 two-headed ogres
  A deep elf pyromancer (D:10)
  A cyclops (D:11)
  A gargoyle (D:11)
  3 unseen horrors
  A rime drake (D:10)
  A troll (D:9)
  A vampire (D:7)
  2 wyverns
  A shadow (D:11)
  A basilisk (D:11)
  2 acid dragons
  A water moccasin (D:7)
  4 ice beasts
  5 orc warriors
  A black bear (D:5)
  3 sky beasts
  A wolf (D:10)
  An ogre (D:7)
  3 centaurs
  A phantom (D:5)
  A kobold brigand (D:9)
  4 gnoll sergeants
  2 bullfrogs
  A necrophage (D:6)
  A scorpion (D:7)
  18 killer bees
  4 howler monkeys
  A jelly (D:4)
  A gnoll bouda (D:6)
  9 orc priests
  9 hounds
  2 iguanas
  10 orc wizards
  Robin (D:3)
  29 gnolls
  7 adders
  2 shadow imps
  A white imp (D:5)
  An ufetubus (D:6)
  A worm (D:3)
  4 dart slugs
  50 orcs
  2 bats (D:3)
  6 endoplasms
  3 giant cockroaches
  17 goblins
  13 hobgoblins
  5 jackals (D:6)
  A quokka (D:3)
  6 ball pythons
  5 frilled lizards
  19 kobolds
  8 rats
285 creatures vanquished.

Vanquished Creatures (collateral kills)
  A foxfire (D:1)
1 creature vanquished.

Vanquished Creatures (others)
  A skeletal warrior (D:7)
  907 foxfires
  A fungus (D:1)
909 creatures vanquished.

Grand Total: 1195 creatures vanquished

Notes
Turn   | Place    | Note
-------+----------+-------------------------------------------
     0 | D:1      | Conn the Octopode Fire Elementalist began the quest for the
                  | Orb.
     0 | D:1      | Reached XP level 1. HP: 11/11 MP: 3/3
   219 | D:1      | Reached XP level 2. HP: 17/17 MP: 0/5
   406 | D:1      | Found a faded altar of an unknown god.
   886 | D:2      | Reached XP level 3. HP: 21/21 MP: 6/6
   967 | D:2      | Learned a level 2 spell: Scorch
   971 | D:2      | Learned a level 3 spell: Kindle Blastsparks
  1532 | D:3      | Reached XP level 4. HP: 27/27 MP: 7/7
  1586 | D:3      | Noticed Robin
  1592 | D:3      | Killed Robin
  1724 | D:3      | Reached XP level 5. HP: 23/31 MP: 4/9
  2292 | D:4      | Identified the ring "Onefik" {rPois Will+}
  2398 | D:4      | Found Taraong's Assorted Antiques.
  2406 | D:4      | Bought an ancient war axe for 153 gold pieces
  2406 | D:4      | Identified the +7 war axe of Kyraniwi {elec, rCorr Str+3
                  | Int+4} (You bought it in a shop on level 4 of the Dungeon)
  2525 | D:4      | Found a glowing golden altar of the Shining One.
  2526 | D:4      | Found a shimmering altar of Xom.
  2611 | D:4      | You fall into a shaft and drop 3 floors!
  2618 | D:7      | Noticed a sky beast
  2629 | D:7      | Killed a sky beast
  2630 | D:7      | Reached XP level 6. HP: 36/36 MP: 5/11
  2681 | D:6      | Reached skill level 5 in Fire Magic
  2688 | D:6      | Reached XP level 7. HP: 33/41 MP: 5/13
  2943 | D:5      | Entered Level 5 of the Dungeon
  2950 | D:6      | Learned a level 3 spell: Inner Flame
  2955 | D:6      | Learned a level 4 spell: Flame Wave
  2960 | D:5      | Reached skill level 5 in Spellcasting
  2961 | D:5      | Reached XP level 8. HP: 20/46 MP: 8/15
  3277 | D:5      | Learned a level 3 spell: Mephitic Cloud
  3786 | D:6      | Found a staircase to the Ecumenical Temple.
  3797 | Temple   | Entered the Ecumenical Temple
  4066 | Temple   | Became a worshipper of Sif Muna the Loreminder
  4323 | D:6      | Reached skill level 1 in Staves
  4323 | D:6      | Reached XP level 9. HP: 52/52 MP: 16/19
  4724 | D:7      | Learned a level 3 spell: Hailstorm
  4728 | D:7      | Learned a level 3 spell: Summon Guardian Golem
  4778 | D:7      | Reached skill level 1 in Shields
  4928 | D:7      | Reached skill level 1 in Invocations
  5515 | D:7      | Noticed a skeletal warrior
  5522 | D:7      | Reached skill level 1 in Summonings
  5702 | D:7      | Killed a skeletal warrior
  5832 | D:7      | Killed an unseen horror
  5833 | D:7      | Reached skill level 1 in Hexes
  5833 | D:7      | Reached XP level 10. HP: 31/57 MP: 14/21
  6202 | D:8      | Reached * piety under Sif Muna
  6729 | D:8      | Found a flagged portal.
  6734 | Bailey   | Entered a bailey
  6783 | Bailey   | Noticed an orc warlord
  6845 | Bailey   | Reached skill level 5 in Conjurations
  6894 | Bailey   | Found a runed translucent gate.
  6908 | Bailey   | Found a runed translucent gate.
  6910 | Bailey   | Found a runed translucent gate.
  7106 | Bailey   | Killed an orc warlord
  7181 | Bailey   | Got the Handbook of Metallic Incandescence
  7528 | D:9      | Reached ** piety under Sif Muna
  7643 | D:9      | Noticed a two-headed ogre
  7655 | D:9      | Killed a two-headed ogre
  7656 | D:9      | Reached XP level 11. HP: 62/62 MP: 8/23
  7997 | D:9      | Found a transporter.
  7997 | D:9      | Found a transporter.
  7999 | D:9      | Found a transporter.
  7999 | D:9      | Found a transporter.
  8278 | D:9      | Reached skill level 5 in Invocations
  8349 | D:9      | Reached skill level 1 in Translocations
  8536 | D:10     | Entered Level 10 of the Dungeon
  8788 | D:10     | Found a staircase to the Lair.
  8965 | D:10     | Noticed a deep elf pyromancer
  8985 | D:10     | Killed a deep elf pyromancer
  9207 | D:10     | Found Yrhoboh's Magic Scroll Emporium.
  9212 | D:10     | Bought 2 scrolls of teleportation for 66 gold pieces
  9342 | D:10     | Identified the +7 sling of Uncomfortable Rashes {vorpal,
                  | rElec rPois}
  9351 | D:10     | Noticed a two-headed ogre
  9371 | D:10     | Killed a two-headed ogre
  9452 | D:10     | Reached *** piety under Sif Muna
  9453 | D:10     | Reached skill level 5 in Shields
  9485 | D:10     | Found a staircase to the Orcish Mines.
  9534 | D:10     | Learned a level 6 spell: Starburst
  9746 | D:10     | Noticed a two-headed ogre
  9760 | D:10     | Killed a two-headed ogre
  9900 | D:11     | Noticed a cyclops
  9923 | D:11     | Noticed a centaur warrior
  9923 | D:11     | Noticed Fannar
  9930 | D:11     | Killed a cyclops
  9930 | D:11     | Killed a centaur warrior
  9931 | D:11     | Reached skill level 5 in Summonings
  9932 | D:11     | Killed Fannar
 10130 | D:11     | Found a transporter.
 10300 | D:11     | Found a transporter.
 10301 | D:11     | Found a transporter.
 10305 | D:11     | Found a transporter.
 10464 | D:11     | Found a runed translucent door.
 10464 | D:11     | Noticed Ananasrisotto's ghost (journeyman OgGl)
 10500 | D:11     | Demolished by Ananasrisotto's ghost

Illustrated notes

Levels and vault maps discovered:
D:1:      giann_bridges, layout_loops_cross,
          shapermc_ecumenical_altar_mp_urbaneastern
D:2:      layout_rooms
D:3:      layout_loops_cross, mrwooster_statue_mirror, uniq_robin
D:4:      layout_cave_pools, gammafunk_temple_overflow_pools, serial_shops,
          shop, grunt_decor_resistance
D:5:      layout_cave_pools
D:6:      layout_cave_pools, minmay_temple_entry_trees, serial_gnoll_camp,
          gnoll_camp_mini_doghouse, gnoll_camp_mini_doghouse,
          gnoll_camp_mini_loothouse, gnoll_camp_huts_basic,
          hangedman_decor_lopped, grunt_ministairs_9
D:7:      minmay_chambers_of_sixes, layout_basic
D:8:      layout_basic, enter_bailey_3
D:9:      layout_layer_cave, nicolae_diode_quadrants
D:10:     layout_loops_corners, hellmonk_lair_entry_icy, hiddenorc1_lemuel,
          serial_shops, nicolae_shop_stone
D:11:     layout_cave_pools, ebering_ghost_reflecting_pool,
          nicolae_transporter_circle, uniq_fannar
Temple:   mainiacjoe_temple_big_plus

Skill      XL: |  1  2  3  4  5  6  7  8  9 10 11 |
---------------+----------------------------------+-----
Stealth        | 3 4 |  4.7
Fire Magic     | 4 5 6 8 9 |  9.7
Spellcasting   | 3 4 5 6 7 8 9 |  9.6
Conjurations   | 2 3 4 5 6 |  6.2
Staves         | 1 |  1.1
Shields        | 2 4 5 |  5.6
Invocations    | 3 4 6 |  6.2
Summonings     | 2 4 5 |  5.3
Hexes          | 1 2 |  2.1
Translocations | 1 |  1.4
Fighting       | |  0.8
Short Blades   | |  0.1
Dodging        | |  2.9
Ice Magic      | |  0.2
Air Magic      | |  0.6
Poison Magic   | |  0.7
Evocations     | |  0.5

Action                   |  1- 3 |  4- 6 |  7- 9 | 10-12 || total
-------------------------+-------+-------+-------+-------++-------
Melee: Dagger            |    26 |       |       |       ||    26
       Tentacles         |     7 |     1 |     1 |     1 ||    10
       Constrict         |     8 |     4 |     1 |     4 ||    17
       Punch             |     2 |       |     1 |       ||     3
       Staff             |    12 |     8 |     9 |    10 ||    39
 Cast: Foxfire           |    47 |    86 |   178 |   228 ||   539
       Scorch            |       |     5 |    39 |    42 ||    86
       Flame Wave        |       |       |     4 |    16 ||    20
       Inner Flame       |       |       |     5 |    19 ||    24
       Summon Guardian G |       |       |     2 |     2 ||     4
       Kindle Blastspark |       |       |       |    10 ||    10
       Mephitic Cloud    |       |       |       |     3 ||     3
       Hailstorm         |       |       |       |     2 ||     2
Evoke: Wand              |       |       |       |     2 ||     2
  Use: Scroll            |       |       |     5 |    18 ||    23
       Potion            |       |       |       |     8 ||     8
 Stab: Sleeping          |     6 |     3 |       |       ||     9
Armor: Skin              |     2 |     2 |     3 |     4 ||    11
Dodge: Dodged            |    19 |    12 |    23 |    35 ||    89
Block: Buckler           |       |       |     4 |    15 ||    19

Table legend: (Time is in decaauts)
 A = Elapsed time spent in this place.
 B = Non-inter-level travel time spent in this place.
 C = Inter-level travel time spent in this place.
 D = Time resting spent in this place.
 E = Time spent auto-exploring this place.
 F = Levels seen in this place.
 G = Mean time per level.
                   A        B        C        D        E       F      G
               +--------+--------+--------+--------+--------+-----+--------+
         Total |  10503 |  10242 |    261 |    247 |   6399 |  13 |  807.9 |
       Dungeon |   9734 |   9503 |    231 |    241 |   6077 |  11 |  884.9 |
        Temple |    299 |    269 |     30 |      0 |    259 |   1 |  299.0 |
        Bailey |    469 |    469 |      0 |      6 |     63 |   1 |  469.0 |
               +--------+--------+--------+--------+--------+-----+--------+

Top non-repeatable levels by time:
     D:7: 1483 daAuts
    D:10: 1355 daAuts
     D:9: 1166 daAuts
     D:6: 943 daAuts
     D:3: 824 daAuts
     D:1: 800 daAuts
     D:8: 787 daAuts
     D:5: 780 daAuts
    D:11: 605 daAuts
     D:2: 578 daAuts
  Bailey: 469 daAuts
     D:4: 408 daAuts
  Temple: 299 daAuts
